← All builds
Tech / Armada / Economy first / OBSERVED BUILD

Standard tech

Armada Tech (Eco) build order · Supreme Isthmus

Rushes T2 factory and T2 constructor to supply the team, upgrading mexes first and sending the first T2 constructor to Geo before scaling its own eco.

Usually first T2 con to Geo (82%)

#eco #t2 #team support · 1779 distinct matches · 271 players · 59% of Armada Tech games · team won 54% of 2103 · Recently observed

HOW TO PLAY IT

Key timing: T2 factory by 4:15

  1. Open 3 mex and heavy wind to fund a fast T2 rush.
  2. Put down Bot Lab, planning to eat it for reclaim soon after.
  3. Get Advanced Bot Lab up, hitting the T2 factory rush timing.
  4. Upgrade mex to Advanced Metal Extractor to lock in team metal income.
  5. Eat Advanced Bot Lab and keep sending cons to Geo and Pond.

Phase by phase

TYPICAL OF ITS 1779 GAMES
  1. 1
  2. 2
  3. 3
  4. 4
PLAY THE OPENING

Follow the example game's first 6:00 step by step: what to build now, what comes next, and where it goes. At 1× it keeps pace with your own game.

  1. 1

    Up to the Bot Lab

    Economy
    • Metal Extractor3Mex
    • Wind Turbine4Wind
    Order
    1. Bot LabBot Lab after 3 mex, 4 winddone ~1:18, middle half 1:13–1:32

    Some games also: energy storage (32%)

    By 1:01 in all: 3 mex · 4 wind

    The example game in this phase · 3 steps
    1. Mex ×3
    2. Wind ×4
    3. Bot LabBot Labdone 1:16 · typical 1:18
  2. 2

    Bot Lab to Advanced Bot Lab

    Economy
    • Metal Extractor1Mex
    • Wind Turbine8Wind
    • Energy Storage1Energy storage
    Order
    1. Advanced Bot LabAdvanced Bot Lab after 4 mex, 12 wind, 3 con turretdone ~4:16, middle half 4:04–4:30
    Builders
    • Construction Turret3 Con turret
    • Lazarus3 Lazarus
    • Construction Bot2 Con bot
    • Construction Bot1 Con bot for allies

    Some games also: converter (36%)

    By 3:18 in all: 4 mex · 12 wind · 1 energy storage · 3 con turret

    The example game in this phase · 17 steps
    1. LazarusLazarus
    2. Wind ×2
    3. LazarusLazarus
    4. Wind
    5. Construction BotCon bot
    6. Wind
    7. Construction BotCon bot
    8. LazarusLazarus
    9. Con turret
    10. Wind
    11. Mex
    12. Wind
    13. Con turret
    14. Converter
    15. Bot LabEat Bot Labreclaimed for its metal
    16. Wind
    17. Advanced Bot LabAdvanced Bot Labdone 4:00 · typical 4:16
  3. 3

    Advanced Bot Lab to 5:00

    Economy
    • Wind Turbine3Wind
    Order
    1. Bot LabEat Bot Lab
    Builders
    • Advanced Construction Bot1 T2 con bot for allies

    Some games also: converter (35%)

    By 5:00 in all: 4 mex · 15 wind · 1 converter · 1 energy storage · 3 con turret

    The example game in this phase · 9 steps
    1. Energy storage
    2. Wind ×4
    3. Advanced Construction BotT2 con botfor Geo
    4. Wind
    5. Advanced Metal ExtractorT2 mexdone 4:45 · typical 5:28
    6. Advanced Construction BotT2 con bot
    7. Wind
    8. SharpshooterSniper botfor Ponddone 5:01
    9. Wind
  4. 4

    5:00 to 10:00

    Economy
    • Wind Turbine43Wind
    • Energy Converter6Converter
    Builders
    • Butler9 Butler
    • Advanced Construction Bot4 T2 con bot for allies
    • Advanced Construction Bot1 T2 con bot

    Some games also: con turret (42%) · Butler for allies (36%)

    By 10:00 in all: 4 mex · 59 wind · 8 converter · 1 energy storage · 3 con turret

    The example game in this phase · 298 steps
    1. SharpshooterSniper botfor Pond
    2. Wind
    3. Advanced Construction BotT2 con botfor Pond
    4. Wind ×2
    5. Advanced Metal ExtractorT2 mex ×2
    6. Advanced Construction BotT2 con botfor Geo sea
    7. Wind
    8. Advanced Construction BotT2 con bot
    9. Wind
    10. Advanced Construction BotT2 con botfor Beach sea
    11. ButlerButler
    12. Wind
    13. ButlerButler ×2
    14. Advanced Metal ExtractorT2 mex
    15. ButlerButler
    16. Wind
    17. ButlerButler
    18. Wind
    19. ButlerButler
    20. Wind ×2
    21. ButlerButler
    22. Wind
    23. ButlerButler
    24. Wind
    25. ButlerButler
    26. Wind
    27. Advanced Construction BotT2 con botfor Air
    28. Wind ×6
    29. ButlerButler
    30. Wind ×4
    31. ButlerButler
    32. Wind ×3
    33. ButlerButler
    34. Wind
    35. Converter
    36. Wind
    37. ButlerButler
    38. Wind
    39. Converter
    40. ButlerButler
    41. Wind ×2
    42. ButlerButler
    43. Wind
    44. Converter
    45. Wind
    46. ButlerButler
    47. Wind
    48. Converter
    49. Wind ×2
    50. Converter
    51. Wind ×3
    52. Converter
    53. Wind ×3
    54. Converter
    55. Wind
    56. ButlerButler
    57. Wind ×2
    58. Converter
    59. ButlerButler
    60. Wind ×3
    61. ButlerButler
    62. Converter
    63. Wind ×3
    64. Converter
    65. Wind ×5
    66. Con turret
    67. Wind
    68. Converter
    69. Wind ×5
    70. Converter
    71. Wind ×2
    72. Con turret
    73. Wind ×5
    74. Converter ×2
    75. Wind
    76. Metal storage
    77. Wind ×3
    78. Con turret
    79. Wind
    80. Converter ×2
    81. Wind ×4
    82. Con turret
    83. Wind
    84. Converter
    85. Wind ×2
    86. Converter
    87. Wind ×3
    88. Converter ×2
    89. Wind ×6
    90. Converter
    91. Wind ×2
    92. Converter
    93. Con turret
    94. Wind ×3
    95. Converter ×2
    96. Wind
    97. Fusion ReactorFusiondone 12:30
    98. Wind ×3
    99. Converter
    100. Wind
    101. Converter
    102. Wind ×3
    103. Con turret
    104. Wind ×3
    105. Converter ×2
    106. Wind ×5
    107. Con turret
    108. Wind ×2
    109. Converter ×2
    110. Wind ×5
    111. Converter ×2
    112. Wind ×7
    113. Converter ×2
    114. Wind ×2
    115. Con turret
    116. Wind ×2
    117. Converter
    118. T2 converter
    119. Converter
    120. Wind ×4
    121. Advanced Bot LabEat Advanced Bot Labreclaimed for its metal
    122. Wind
    123. Converter
    124. Wind
    125. Converter
    126. Con turret
    127. Wind ×2
    128. Con turret
    129. Wind ×2
    130. Converter
    131. Con turret
    132. Wind
    133. Converter
    134. Wind ×2
    135. Con turret
    136. Wind
    137. Converter
    138. Con turret
    139. Wind ×2
    140. Converter
    141. Aircraft PlantAircraft Plantdone 12:56
    142. Wind ×3
    143. FalconFighter
    144. Wind
    145. Converter
    146. Wind ×3
    147. Converter
    148. Wind
    149. Converter
    150. FalconFighter
    151. Wind ×2
    152. FalconFighter ×2
    153. Wind ×2
    154. Converter
    155. FalconFighter
    156. Wind
    157. FalconFighter
    158. Wind
    159. Converter
    160. FalconFighter
    161. Wind
    162. FalconFighter
    163. Wind ×2
    164. FalconFighter
    165. Wind
    166. Converter
    167. FalconFighter
    168. Wind
    169. FalconFighter
    170. Wind
    171. Converter
    172. FalconFighter
    173. Con turret
    174. Wind ×3
    175. Con turret
    176. Wind
    177. Converter
    178. FalconFighter
    179. Con turret
    180. Wind
    181. Converter
    182. Wind ×3
    183. FalconFighter ×2
    184. Wind
    185. Converter
    186. Con turret
    187. FalconFighter
    188. Wind ×2
    189. Converter
    190. Wind ×2
    191. FalconFighter
    192. Con turret
    193. Converter
    194. Wind
    195. FalconFighter
    196. Wind ×2
    197. FalconFighter
    198. Wind
    199. Converter
    200. FalconFighter
    201. Wind
    202. FalconFighter
    203. Wind
    204. FalconFighter
    205. Converter
    206. Wind ×2
    207. FalconFighter
    208. Wind
    209. Converter
    210. FalconFighter
    211. Wind
    212. FalconFighter ×2
    213. Wind ×3
    214. FalconFighter
    215. Converter
    216. Wind
    217. FalconFighter
    218. Converter
    219. FalconFighter
    220. Wind
    221. Con turret
    222. FalconFighter
    223. Wind ×3
    224. Con turret
    225. FalconFighter
    226. Con turret
    227. Converter
    228. Wind ×2
    229. Converter
    230. Wind
    231. FalconFighter ×2
    232. Wind ×2
    233. FalconFighter
    234. Wind
    235. Converter
    236. Wind
    237. FalconFighter
    238. Converter
    239. FalconFighter
    240. Wind
    241. FalconFighter
    242. Wind
    243. FalconFighter
    244. Wind ×2
    245. FalconFighter
    246. Converter
    247. Wind
    248. FalconFighter
    249. Wind
    250. Converter
    251. FalconFighter ×2
    252. Wind ×3
    253. FalconFighter
    254. Wind
    255. FalconFighter
    256. Converter
    257. Wind
    258. Converter
    259. FalconFighter
    260. Wind
    261. FalconFighter ×2
    262. Wind ×2
    263. FalconFighter
    264. Wind
    265. Converter ×2
    266. Wind
    267. FalconFighter ×2
    268. Converter
    269. Wind
    270. FalconFighter
    271. Wind ×2
    272. FalconFighter
    273. Converter
    274. Wind ×2
    275. Converter
    276. FalconFighter
    277. Wind
    278. FalconFighter
    279. Converter
    280. Wind
    281. FalconFighter ×2
    282. Wind ×2
    283. FalconFighter
    284. Converter
    285. FalconFighter
    286. Wind
    287. FalconFighter
    288. Wind ×2
    289. FalconFighter
    290. Converter
    291. StormbringerBomber
    292. Wind
    293. StormbringerBomber
    294. Wind ×3
    295. StormbringerBomber
    296. Wind
    297. Converter
    298. Wind

Counts are medians over the build's games: half of them build more, half fewer. The example game is [Crd]Mind_The_Gap's (40 OS, 15/10/2026); pick another.

Team trades

IN AT LEAST 30% OF ITS GAMES

You hand over

  • Construction Bot1 Con bot to Airfirst at 2:23 · in 83% of games
  • Advanced Construction Bot5 T2 con bot to Air or Pond or Geo seafirst at 4:51 · in 99% of games
  • Butler2 Butler to Geo sea or Beach sea or Pondfirst at 9:06 · in 42% of games

You get

  • Hercules1 Light transport from Airfirst at 4:01 · in 86% of games

How it plays out

Typical game of this build, running totals by minute

Metal produced

020k40k
0:005:0010:0015:00

metal

Enemy metal destroyed

050100
0:005:0010:0015:00

metal

Own metal lost

050100150
0:005:0010:0015:00

metal

2103 games.

Show as table
ByMetal produced: This buildEnemy metal destroyed: This buildOwn metal lost: This build
1:0038300
2:0091500
3:00165500
4:00314800
5:00484700
6:00580500
7:00724700
8:00908400
9:001121800
10:001354500
11:001626000
12:001967800
13:002346800
14:0027372074
15:003159093130
WHAT THE NUMBERS SAY

Standard Tech play barely fights at all early, instead pouring metal into T2 infrastructure and constructors for the team.

  • + Metal produced hits 31679 by 15:00, by far the highest of any role here.
  • + T2 factory reached in 97% of games by 4:15, fastest and most reliable T2 timing.
  • − Enemy metal destroyed stays at 0 through 10:00, no early offense at all.
  • − Own metal lost also near 0, showing total avoidance of combat risk.
THE EXAMPLE YOU ARE READING

[Crd]Mind_The_Gap

40.1 OS · 15/10/2026

Open source match ↗

1 received units
6179 metal received · 87062 energy received

Allied construction assistance is unknown. Timings are observations, not a promise of solo reproducibility.

Typical milestones

Bot Lab1:18Middle 50%: 1:13–1:32 · n=2103
Advanced Bot Lab4:16Middle 50%: 4:04–4:30 · n=2096
Advanced Metal Extractor5:28Middle 50%: 5:05–5:58 · n=2099

Played most by

Amrissa97games of this buildTheGeneraI70games of this buildAdeus62games of this buildUncle_Cane60games of this buildCrouxy54games of this build